 Dungeon Crawl Stone Soup version 0.29-a0-206-g4a66f2e2b5 (webtiles) character file.

Game seed: 11771786757361031385

291 Inarius the Chopper (level 6, 0/47 HPs)
             Began as a Demonspawn Fighter on Feb 23, 2022.
             Slain by a gnoll
             ... wielding a +0 halberd
              (12 damage)
             ... on level 3 of the Dungeon.
             The game lasted 00:02:29 (2543 turns).

Inarius the Chopper (Demonspawn Fighter)            Turns: 2543, Time: 00:02:29

Health: 0/47       AC:  6    Str: 19    XL:     6   Next: 10%
Magic:  6/6        EV:  9    Int:  9    God:
Gold:   96         SH:  5    Dex: 18    Spells: 5/5 levels left

rFire   . . .      SeeInvis .   a - +0 war axe
rCold   . . .      Faith    .   c - +0 buckler
rNeg    . . .      Spirit   .   b - +0 scale mail
rPois   .          Reflect  .   (no helmet)
rElec   .          Harm     .   (no cloak)
rCorr   .          Rampage  .   (no gloves)
Will    .....                   (no boots)
Stlth   ..........              (no amulet)
HPRegen 0.15/turn               e - +6 ring of dexterity
MPRegen 0.10/turn               (no ring)

@: no status effects
A: hooves 1, foul stench 1, demonic touch 1
a: no special abilities


You were on level 3 of the Dungeon.
You visited 1 branch of the dungeon, and saw 3 of its levels.

You collected 96 gold pieces.

Inventory:

Hand Weapons
 a - a +0 war axe (weapon)
Armour
 b - a +0 scale mail (worn)
 c - a +0 buckler (worn)
 h - a +0 kite shield
 n - a +0 plate armour
Jewellery
 e - a +6 ring of dexterity (left hand)
 k - a ring of fire
 o - a +4 ring of evasion
Scrolls
 f - 2 scrolls of teleportation {unknown}
 g - a scroll of magic mapping {unknown}
 i - a scroll of blinking {unknown}
 j - a scroll of amnesia {unknown}
 l - 2 scrolls of identify {unknown}
Potions
 d - 2 potions of might
 m - 2 potions of cancellation {unknown}


   Skills:
 + Level 3.4 Fighting
 * Level 4.7 Axes
 + Level 3.5 Armour
 + Level 0.8 Dodging
 + Level 3.1 Shields


You had 5 spell levels left.
You didn't know any spells.
Your spell library was empty.

Dungeon Overview and Level Annotations

Branches:
Dungeon (3/15)

Altars:
The Shining One


Innate Abilities, Weirdness & Mutations

You have large cloven feet.
You may rarely emit foul miasma when damaged in melee.
Your touch may inflict minor irresistible damage on your foes.


Message History

The goblin hits you with a +0 dagger.
You emit a cloud of foul miasma!
The gnoll sergeant hits you from afar with a +0 spear.
The goblin is engulfed in dark miasma.
The goblin is poisoned.
The goblin seems to slow down.
You kill the goblin!
You block the gnoll sergeant's attack.
Items here: ))) [.
You completely miss the gnoll sergeant. You kick the gnoll sergeant.
The gnoll sergeant is moderately wounded.
The gnoll sergeant hits you with a +0 spear.
You emit a cloud of foul miasma!
The gnoll sergeant is engulfed in dark miasma.
The gnoll sergeant is poisoned.
The gnoll sergeant hits you with a +0 spear.
You closely miss the gnoll sergeant.
The gnoll sergeant is heavily wounded.
The gnoll sergeant is engulfed in dark miasma.
The gnoll sergeant looks even sicker.
The gnoll sergeant seems to slow down.
The gnoll sergeant completely misses you.
Unknown command.
You closely miss the gnoll sergeant.
The gnoll sergeant is severely wounded.
The gnoll sergeant is engulfed in dark miasma.
The gnoll sergeant looks even sicker.
You kill the gnoll sergeant!
You have reached level 6!
The gnoll hits you with a +0 flail! You block the goblin's attack.
Things that are here:
a +0 spear; a +0 scale mail; a gnoll corpse You hit the gnoll but do no damage.
You kick the gnoll.
The gnoll is lightly wounded.
You closely miss the goblin. The goblin completely misses you.
The gnoll hits you from afar with a +0 halberd!
You are too injured to fight recklessly!
Unknown command.
You closely miss the goblin. You barely miss the gnoll.
The goblin hits you but does no damage. The gnoll hits you with a +0 flail.
* * * LOW HITPOINT WARNING * * *
The gnoll hits you from afar with a +0 halberd!
You die...

##.......gg.K.##.......#.#
#...........#..........#.#
#......................#.#
#...........##.........#.#
#..........#####.........#
#..........# #......#..#
##........## ##.g......#
#..........# ####gg...#..#
#..........# #[)@gJ####..#
#..........# #<##### #..#
...........# #.# #..#
...........# #.# #..#
..........## #.# ##.#
.........#####.# #..#
###..###.....#.## ##.##
##....#####...### ##..#
##### ######...###...#


You could see 2 gnolls, an endoplasm and 2 goblins.

Vanquished Creatures
  A necrophage (D:3)
  A gnoll sergeant (D:3)
  2 orc wizards (D:3)
  3 gnolls (D:3)
  2 adders (D:2)
  2 worms
  2 dart slugs
  2 orcs (D:3)
  3 endoplasms
  5 goblins
  A hobgoblin (D:3)
  6 kobolds
  2 quokkas
  A ball python (D:2)
  8 bats
  2 frilled lizards (D:2)
  4 rats
47 creatures vanquished.

Notes
Turn   | Place    | Note
-------+----------+-------------------------------------------
     0 | D:1      | Inarius the Demonspawn Fighter began the quest for the Orb.
     0 | D:1      | Reached XP level 1. HP: 18/18 MP: 1/1
   276 | D:1      | Reached skill level 2 in Axes
   279 | D:1      | Discovered your monstrous ancestry.
   279 | D:1      | Gained mutation: Your touch may inflict minor irresistible
                  | damage on your foes. [demonic ancestry]
   279 | D:1      | Reached XP level 2. HP: 13/24 MP: 2/2
   943 | D:2      | Gained mutation: You have large cloven feet. [demonic
                  | ancestry]
   943 | D:2      | Reached XP level 3. HP: 2/29 MP: 3/3
   943 | D:2      | HP: 1/29 [poisoned by an adder]
  1785 | D:3      | Reached skill level 3 in Axes
  1785 | D:3      | Reached XP level 4. HP: 28/35 MP: 4/4
  2036 | D:3      | Found a faded altar of an unknown god.
  2164 | D:3      | Noticed a necrophage
  2176 | D:3      | Killed a necrophage
  2177 | D:3      | Reached skill level 4 in Axes
  2177 | D:3      | Gained mutation: You may rarely emit foul miasma when
                  | damaged in melee. [demonic ancestry]
  2177 | D:3      | Reached XP level 5. HP: 41/41 MP: 5/5
  2219 | D:3      | HP: 2/41 [poisoned by a goblin]
  2541 | D:3      | Reached XP level 6. HP: 34/47 MP: 6/6
  2543 | D:3      | Slain by a gnoll

Illustrated notes

Levels and vault maps discovered:
D:1:      minmay_arrival_doors, layout_basic
D:2:      layout_rooms, hangedman_abyss_or_decor_stabs, minmay_misc_feat_plants
D:3:      layout_rooms, nicolae_tso_swordbearing_angel,
          ebering_ecumenical_altar_rust

Skill      XL: |  1  2  3  4 |
---------------+-------------+-----
Axes           | 2 3 4 |  4.7
Armour         | 3 |  3.5
Shields        | 3 |  3.1
Fighting       | |  3.4
Dodging        | |  0.8

Action                   |  1- 3 |  4- 6 || total
-------------------------+-------+-------++-------
Melee: War axe           |    91 |    38 ||   129
       Kick              |     3 |     9 ||    12
  Use: Potion            |     2 |     1 ||     3
Armor: Scale mail        |    23 |    16 ||    39
Dodge: Dodged            |    47 |    21 ||    68
Block: Buckler           |    33 |     7 ||    40

Table legend: (Time is in decaauts)
 A = Elapsed time spent in this place.
 B = Non-inter-level travel time spent in this place.
 C = Inter-level travel time spent in this place.
 D = Time resting spent in this place.
 E = Time spent auto-exploring this place.
 F = Levels seen in this place.
 G = Mean time per level.
                   A        B        C        D        E       F      G
               +--------+--------+--------+--------+--------+-----+--------+
         Total |   2598 |   2537 |     61 |    695 |   1429 |   3 |  866.0 |
       Dungeon |   2598 |   2537 |     61 |    695 |   1429 |   3 |  866.0 |
               +--------+--------+--------+--------+--------+-----+--------+

Top non-repeatable levels by time:
     D:2: 1368 daAuts
     D:1: 842 daAuts
     D:3: 387 daAuts
